Map: Triton LE

Players

SortOf

  • Race: Zerg Zerg
  • League: Diamond
  • Spawn Location: 11:00

Hellraiser - Winner!

  • Race: Protoss Protoss
  • Spawn Location: 5:00

Event: IEM Katowice 2020

VOD

Have the link to the VOD?

Description

Time

  • Played on: Feb. 25, 2020, 9:44 a.m.
  • Length: 14:35

All games in this series

Show
View Real Time Build Order
Export as new Build Order

SortOf Zerg 

Build Orders: Hatch First, Muta Ling Bane 

Get SALT Encoding   

  12  0:00  Drone  
  13  0:12  Overlord  
  13  0:18  Drone  
  14  0:30  Drone x2  
  16  0:48  Hatchery  
  15  0:51  Drone  
  15  0:55  Drone  
  17  0:58  Drone  
  18  1:10  Extractor  
  17  1:14  Spawning Pool  
  17  1:16  Drone  
  17  1:20  Drone  
  18  1:29  Drone  
  19  1:39  Drone  
  20  1:50  Overlord  
  20  2:01  Queen x2  
  20  2:02  Zergling x4  
  26  2:11  Drone x2  
  28  2:22  Drone x2  
  30  2:29  Hatchery  
  29  2:35  Drone  
  30  2:37  Overlord  
  30  2:43  Drone, Pneumatized Carapace  
  31  2:52  Drone  
  31  2:54  Queen  
  31  2:57  Zergling x2  
  35  2:59  Drone  
  35  3:04  Drone x2  
  38  3:14  Drone  
  38  3:15  Overlord  
  38  3:16  Drone x2  
  38  3:17  Drone  
  42  3:27  Drone, Metabolic Boost  
  43  3:31  Overlord  
  43  3:33  Queen  
  45  3:37  Drone  
  45  3:38  Drone  
  47  3:43  Drone x2  
  47  3:47  Spore Crawler  
  48  3:49  Zergling x4  
  48  3:50  Spore Crawler  
  48  3:52  Drone  
  48  3:53  Drone  
  51  3:56  Spore Crawler  
  51  4:00  Drone  
  51  4:06  Queen  
  51  4:08  Drone  
  54  4:13  Drone  
  54  4:19  Drone x5  
  54  4:22  Spore Crawler x2  
  54  4:23  Drone x3  
  57  4:24  Drone  
  57  4:26  Overlord  
  60  4:31  Overlord  
  60  4:32  Overlord  
  60  4:35  Lair  
  60  4:38  Extractor  
  58  4:44  Queen  
  60  4:46  Spore Crawler  
  60  4:47  Drone x4  
  62  5:00  Zergling x12  
  62  5:03  Drone x3  
  62  5:06  Extractor x2  
  69  5:08  Drone x2  
  69  5:11  Overlord  
  69  5:16  Drone x3  
  69  5:20  Drone x2, Roach Warren  
  73  5:29  Drone, Overlord x2  
  73  5:33  Drone x6  
  73  5:34  Overseer  
  80  5:41  Drone x2  
  80  5:48  Drone x2  
  78  5:51  Spire  
  78  5:53  Drone x6  
  78  5:56  Extractor  
  82  5:58  Extractor  
  82  5:59  Queen  
  83  6:08  Overlord  
  83  6:10  Hatchery  
  82  6:13  Evolution Chamber  
  82  6:15  Drone, Baneling Nest  
  82  6:16  Drone x3, Overlord  
  82  6:20  Overlord x2  
  82  6:21  Glial Reconstitution  
  82  6:23  Overlord  
  82  6:25  Zergling x2  
  82  6:26  Roach  
  82  6:30  Overseer  
  84  6:35  Overlord  
  84  6:41  Zerg Melee Weapons Level 1  
  84  6:46  Roach x2  
  88  6:48  Overlord  
  88  6:49  Overlord x2  
  88  7:00  Drone x3  
  88  7:01  Drone x3  
  94  7:02  Mutalisk x4  
  94  7:05  Extractor  
  101  7:09  Mutalisk x4  
  109  7:16  Centrifical Hooks  
  109  7:17  Roach  
  109  7:19  Overlord  
  109  7:21  Overlord  
  111  7:23  Drone x3  
  111  7:24  Roach x4  
  122  7:32  Roach x2  
  126  7:39  Roach x8  
  142  7:48  Roach x4  
  150  7:52  Zergling x6  
  153  8:03  Zergling x2  
  153  8:04  Zergling x10  
  155  8:14  Zergling x16  
  155  8:16  Ravager x7  
  168  8:22  Zergling x10  
  168  8:24  Overseer  
  173  8:32  Zergling x10  
  173  8:33  Zergling x2  
  179  8:35  Overlord x2  
  179  8:36  Baneling  
  179  8:37  Baneling x15  
  179  8:40  Overlord  
  179  8:42  Zergling x8  
  179  8:44  Zerg Melee Weapons Level 2  
  182  8:55  Zergling x8  
  182  8:56  Zergling x16  
  184  9:07  Roach x7  
  166  9:11  Infestation Pit  
  166  9:16  Drone x2  
  143  9:19  Corruptor  
  143  9:20  Corruptor x3  
  134  9:26  Spore Crawler, Queen  
  134  9:27  Extractor  
  134  9:28  Corruptor  
  132  9:31  Corruptor  
  132  9:33  Drone x2  
  132  9:35  Zergling x12  
  132  9:36  Zergling x2  
  138  9:43  Corruptor x2  
  142  9:47  Zergling x8  
  142  9:52  Drone x2  
  148  9:53  Drone  
  148  9:54  Overlord x2  
  148  9:57  Baneling x7  
  149  10:00  Zergling x8  
  145  10:10  Corruptor x3  
  139  10:16  Roach x6  
  139  10:19  Baneling x3  
  139  10:21  Roach x2  
  151  10:27  Zergling x2, Roach x4  
  160  10:30  Baneling  
  160  10:31  Baneling x3  
  160  10:33  Baneling x3  
  160  10:37  Zergling x12  
  166  10:45  Zergling x2  
  166  10:46  Zergling x8  
  171  10:51  Baneling x14  
  171  10:56  Hatchery  
  170  10:59  Hive  
  170  11:06  Overlord  
  158  11:13  Zergling x24  
  162  11:20  Roach x5  
  172  11:28  Corruptor x2  
  176  11:36  Corruptor x3  
  182  11:42  Ravager x4  
  182  11:43  Roach x2  
  190  11:49  Overseer  
  190  11:50  Overlord  
  190  11:53  Baneling x8  
  190  12:00  Zergling x18  
  195  12:14  Zergling x12  
  200  12:17  Baneling x8  
  161  12:39  Corruptor  
  161  12:40  Corruptor x5  
  161  12:43  Zergling x26  
  139  12:47  Greater Spire  
  139  12:48  Viper  
  142  12:54  Zergling x12  
  142  12:56  Adrenal Glands  
  148  13:01  Drone x2  
  150  13:07  Viper  
  150  13:08  Extractor  
  150  13:11  Extractor  
  150  13:12  Zergling x8  
  155  13:21  Viper  
  155  13:23  Overlord  
  156  13:29  Zergling x26  
  160  13:38  Zergling x10  
  157  13:49  Spire  
  157  13:50  Zergling x22  
  167  13:58  Corruptor x6  
  179  14:11  Roach x6  
  179  14:14  Baneling x2  
  179  14:15  Baneling  
Show
View Real Time Build Order
Export as new Build Order

Hellraiser Protoss - Winner!

Build Orders: 1 Gate Expand, Oracle Opening, Phoenix Opening, Archon Immortal 

Get SALT Encoding   

  12  0:00  Probe  
  13  0:12  Probe  
  14  0:20  Pylon  
  14  0:24  Probe  
  15  0:38  Probe (Chrono Boost), Gateway  
  16  0:47  Probe (Chrono Boost), Assimilator  
  17  0:53  Probe  
  18  1:05  Probe  
  19  1:20  Nexus  
  19  1:24  Probe  
  20  1:35  Cybernetics Core  
  20  1:37  Probe  
  21  1:44  Assimilator  
  21  1:50  Probe  
  21  1:54  Pylon  
  22  2:01  Probe  
  23  2:09  Probe, Adept (Chrono Boost)  
  26  2:18  Probe, Stargate  
  27  2:27  Warp Gate  
  27  2:32  Probe x2 (Chrono Boost)  
  27  2:36  Adept  
  31  2:42  Probe (Chrono Boost)  
  31  2:43  Probe (Chrono Boost)  
  33  2:48  Probe  
  34  2:52  Probe  
  35  3:00  Probe  
  35  3:01  Phoenix (Chrono Boost)  
  35  3:04  Probe  
  39  3:12  Probe  
  39  3:16  Probe, Pylon  
  41  3:21  Oracle (Chrono Boost)  
  41  3:25  Probe  
  45  3:29  Probe, Assimilator  
  45  3:31  Assimilator  
  46  3:37  Probe  
  46  3:39  Gateway  
  46  3:41  Probe  
  48  3:48  Oracle (Chrono Boost)  
  48  3:49  Probe  
  48  3:53  Probe, Pylon  
  53  4:01  Probe  
  54  4:07  Pylon  
  54  4:11  Probe  
  54  4:13  Probe  
  54  4:22  Oracle  
  54  4:23  Probe  
  56  4:25  Probe  
  56  4:28  Robotics Facility  
  57  4:32  Adept  
  57  4:33  Adept  
  57  4:35  Probe  
  57  4:37  Probe  
  63  4:44  Nexus  
  63  4:47  Probe  
  63  4:49  Probe  
  63  4:51  Pylon  
  65  4:59  Adept, Oracle  
  70  5:03  Pylon, Adept  
  70  5:04  Pylon  
  70  5:09  Probe  
  70  5:10  Twilight Council  
  71  5:15  Pylon  
  71  5:19  Forge  
  72  5:21  Observer (Chrono Boost)  
  72  5:24  Probe x2  
  74  5:29  Pylon  
  74  5:33  Sentry x2  
  74  5:34  Charge  
  78  5:36  Probe  
  78  5:38  Probe  
  78  5:39  Immortal (Chrono Boost)  
  84  5:46  Protoss Ground Weapons Level 1 (Chrono Boost)  
  84  5:48  Probe  
  85  5:50  Probe  
  86  5:58  Probe  
  86  6:00  Probe  
  86  6:02  Probe  
  89  6:10  Probe  
  89  6:11  Immortal (Chrono Boost)  
  94  6:12  Probe  
  94  6:14  Probe  
  94  6:16  Gateway  
  96  6:22  Probe  
  96  6:23  Gateway  
  96  6:24  Probe, Templar Archives  
  98  6:29  Gateway x2  
  98  6:31  Gateway  
  98  6:38  Probe, Gateway  
  98  6:39  Probe, Gateway  
  100  6:40  Probe  
  100  6:41  Immortal (Chrono Boost)  
  104  6:50  Assimilator x2  
  104  6:51  Probe x2  
  106  6:59  Pylon  
  106  7:01  High Templar x2  
  106  7:04  Pylon  
  106  7:06  Phoenix (Chrono Boost)  
  112  7:10  Shield Battery  
  112  7:13  Immortal  
  116  7:16  Archon  
  116  7:17  Photon Cannon  
  116  7:22  Phoenix (Chrono Boost)  
  116  7:27  Photon Cannon  
  118  7:31  Phoenix (Chrono Boost)  
  118  7:32  Stargate  
  118  7:35  Pylon, Photon Cannon  
  118  7:41  Phoenix (Chrono Boost), Pylon  
  118  7:42  Protoss Ground Weapons Level 2 (Chrono Boost)  
  120  7:46  Protoss Air Weapons Level 1  
  120  7:47  Zealot x4  
  128  7:58  Probe  
  126  8:00  Phoenix (Chrono Boost)  
  126  8:04  Probe  
  129  8:07  Probe  
  130  8:15  Phoenix (Chrono Boost)  
  134  8:20  Fleet Beacon, Zealot x3  
  134  8:25  Phoenix (Chrono Boost)  
  140  8:32  Phoenix (Chrono Boost)  
  142  8:37  Pylon x2  
  142  8:40  Pylon x2  
  142  8:41  Pylon  
  142  8:43  Phoenix  
  144  8:56  Phoenix  
  144  9:02  Zealot x5  
  156  9:07  Zealot x3  
  152  9:15  Probe  
  152  9:16  Probe  
  130  9:19  Immortal (Chrono Boost)  
  137  9:30  Carrier (Chrono Boost)  
  137  9:31  Carrier (Chrono Boost)  
  140  9:38  Zealot x2  
  140  9:39  Zealot x2  
  148  9:46  High Templar x2  
  148  9:47  Sentry, Zealot  
  148  9:49  Pylon  
  148  9:51  Archon  
  156  9:53  Pylon  
  156  9:55  Immortal (Chrono Boost)  
  156  10:10  Pylon  
  156  10:11  Protoss Air Weapons Level 2  
  156  10:20  Nexus  
  154  10:23  Pylon  
  154  10:24  Observer (Chrono Boost)  
  165  10:29  Assimilator  
  165  10:30  Assimilator, Void Ray (Chrono Boost)  
  165  10:31  Probe  
  165  10:32  Photon Cannon  
  165  10:35  Carrier (Chrono Boost)  
  166  10:39  Stargate  
  164  10:43  Unknown  
  164  10:56  Void Ray (Chrono Boost)  
  149  11:12  Probe (Chrono Boost)  
  149  11:14  Probe (Chrono Boost)  
  149  11:15  Probe (Chrono Boost)  
  143  11:20  Void Ray (Chrono Boost)  
  143  11:24  Probe (Chrono Boost)  
  148  11:28  Probe x2 (Chrono Boost)  
  148  11:29  Probe (Chrono Boost), Void Ray (Chrono Boost)  
  148  11:32  Probe  
  152  11:36  Probe x2  
  152  11:38  Probe  
  159  11:44  Probe  
  160  11:48  Probe x2, Void Ray (Chrono Boost)  
  160  11:50  Probe  
  160  11:51  High Templar x2  
  167  11:55  Archon, Void Ray (Chrono Boost)  
  167  11:56  Probe  
  172  12:06  Probe  
  172  12:07  Probe  
  174  12:12  Void Ray (Chrono Boost)  
  173  12:23  Carrier (Chrono Boost)  
  173  12:30  Zealot x4  
  161  12:39  Probe  
  161  12:41  Probe x2  
  161  12:42  Probe  
  131  12:47  Void Ray (Chrono Boost)  
  131  12:49  Carrier (Chrono Boost)  
  131  12:51  Probe  
  131  12:53  Probe x2  
  141  13:03  Probe, High Templar  
  141  13:04  High Templar x2  
  141  13:05  High Templar  
  149  13:08  Archon x2  
  149  13:09  Probe (Chrono Boost)  
  149  13:10  Probe (Chrono Boost)  
  152  13:15  Probe (Chrono Boost)  
  152  13:16  Probe (Chrono Boost)  
  153  13:20  High Templar  
  153  13:22  High Templar  
  153  13:25  Probe (Chrono Boost)  
  153  13:27  Probe (Chrono Boost)  
  159  13:29  Zealot  
  159  13:30  Probe (Chrono Boost)  
  159  13:33  Probe  
  154  13:39  Archon  
  151  13:43  High Templar x2  
  151  13:46  Archon  
  151  13:47  High Templar x2  
  157  13:51  Archon  
  157  13:58  Zealot x3  
  157  14:01  Observer  
  164  14:18  Zealot x3  
  164  14:19  Zealot x3  

Tags
 
Add a new tag
Caveats
  • Supply blocks, unpowered buildings, or Contaminate may cause inaccurate times.
  • Supply counts are checked every 10 seconds.